 Dungeon Crawl Stone Soup version 0.30-a0-218-gedb9141078 (webtiles) character file.

Game seed: 16839582884226486775

571 sanka the Digger (level 7, -1/51 HPs)
             Began as a Gnoll Earth Elementalist on Oct 5, 2022.
             Slain by an ufetubus (3 damage)
             ... on level 5 of the Dungeon.
             The game lasted 00:03:39 (3056 turns).

sanka the Digger (Gnoll Earth Elementalist)         Turns: 3056, Time: 00:03:40

Health: -1/51      AC:  2    Str:  7    XL:     7   Next: 34%
Magic:  13/15      EV: 14    Int: 16    God:
Gold:   122        SH:  0    Dex: 13    Spells: 11/17 levels left

rFire   . . .      SeeInvis .    j - +4 spear
rCold   . . .      Faith    .    (no shield)
rNeg    . . .      Spirit   .    a - +0 robe
rPois   .          Reflect  .    (no helmet)
rElec   .          Harm     .    (no cloak)
rCorr   .          Rampage  .    (no gloves)
Will    .....                    (no boots)
Stlth   +++.......               (no amulet)
HPRegen 0.28/turn                (no ring)
MPRegen 0.14/turn                (no ring)

@: no status effects
A: fangs 1, strong nose, distributed training
a: no special abilities


You were on level 5 of the Dungeon.
You visited 1 branch of the dungeon, and saw 6 of its levels.

You collected 122 gold pieces.


Innate Abilities, Weirdness & Mutations

You have very sharp teeth.
Your uncanny sense of smell can sniff out nearby items.
Your experience applies equally to all skills.


   Skills:
 + Level 2.5 Fighting
 + Level 2.5 Short Blades
 + Level 2.5 Long Blades
 + Level 2.5 Axes
 + Level 2.5 Maces & Flails
 + Level 2.5 Polearms
 + Level 2.5 Staves
 + Level 2.5 Ranged Weapons
 + Level 2.5 Throwing
 + Level 2.5 Armour
 + Level 5.2 Dodging
 + Level 4.9 Stealth
 + Level 2.5 Shields
 + Level 2.5 Unarmed Combat
 + Level 5.6 Spellcasting
 + Level 2.0 Conjurations
 + Level 2.0 Hexes
 + Level 2.0 Summonings
 + Level 2.0 Necromancy
 + Level 2.0 Translocations
 + Level 3.0 Transmutations
 + Level 2.0 Fire Magic
 + Level 2.0 Ice Magic
 + Level 2.0 Air Magic
 + Level 5.8 Earth Magic
 + Level 2.0 Poison Magic
 + Level 2.8 Invocations
 + Level 2.5 Evocations


You had 11 spell levels left.
You knew the following spells:

 Your Spells              Type           Power      Damage    Failure   Level
x - Stone Arrow           Conj/Erth      34%        3d9       9%          3
z - Sandblast             Erth           46%        2d11      1%          1
N - Passwall              Tmut/Erth      15%        N/A       3%          2

Your spell library contained the following spells:

 Spells                   Type           Power      Damage    Failure   Level
 Petrify                  Tmut/Erth      18%        N/A       22%         4

Inventory:

Hand Weapons
 j - a +4 spear (weapon)
Armour
 a - a +0 robe (worn)
Magical Staves
 o - a staff of air
Jewellery
 p - an amulet of regeneration
Scrolls
 c - 4 scrolls of identify {unknown}
 f - 2 scrolls of blinking {unknown}
 i - 3 scrolls of immolation {unknown}
 l - 2 scrolls of enchant weapon {unknown}
 n - a scroll of fear {unknown}
 r - a scroll of vulnerability {unknown}
Potions
 b - a potion of magic
 d - a potion of resistance {unknown}
 e - 2 potions of berserk rage {unknown}
 g - 2 potions of degeneration {unknown}
 h - 3 potions of curing {@q1}
 k - a potion of flight {unknown}
 m - a potion of cancellation {unknown}
 q - a potion of attraction {unknown}

Dungeon Overview and Level Annotations

Branches:
Dungeon (6/15)
 Temple: D:4-7

Altars:

Annotations:
D:5 Grinder

......... ▒▒▒▒▒▒▒▒▒▒▒
▒.......▒▒▒.▒.....▒..
▒.......▒...▒.....▒..
▒.......▒...'.....▒..
▒▒▒▒▒.......▒...▒.....▒..
▒..........▒▒...▒.....▒..
+..........▒....▒.....'..
▒......5g5.▒....▒.....▒..
▒......c...▒▒▒▒▒▒.....▒..
......▒#▒▒▒▒.............▒..
...£. ▒....▒.............▒..
c... ▒....▒.............▒..
... ▒..▒▒▒.............▒..
▒+ ▒..▒.....▒▒'▒......▒..
...▒.....▒..+......▒..
...▒.....▒..▒......+..


You could see Grinder, a centaur and an ufetubus.


Message History

The centaur is heavily wounded.
The ufetubus misses you. The ufetubus closely misses you.
The centaur unwields a +0 shortbow.
The centaur hits you but does no damage.
The centaur kicks you but does no damage.
The ufetubus hits you.
* * * LOW HITPOINT WARNING * * *
The ufetubus misses you. The centaur barely misses you. The centaur kicks you.
* * * LOW HITPOINT WARNING * * *
Grinder blinks!
The ufetubus hits you but does no damage.
The ufetubus closely misses you.
Aiming: Sandblast (safe; 1% risk of failure)
Aim: a centaur (moderately wounded, 90% to hit)
The blast of sand hits the centaur.
The centaur is severely wounded.
The centaur hits you.
* * * LOW HITPOINT WARNING * * *
The centaur kicks you.
* * * LOW HITPOINT WARNING * * *
The ufetubus misses you. The ufetubus barely misses you. The centaur hits you.
* * * LOW HITPOINT WARNING * * *
The centaur closely misses you. The ufetubus hits you.
You die...

Action                   |  1- 3 |  4- 6 |  7- 9 || total
-------------------------+-------+-------+-------++-------
Melee: Bite              |     1 |     2 |       ||     3
       Unarmed           |     1 |       |       ||     1
       Spear             |       |    10 |       ||    10
 Cast: Sandblast         |    48 |    50 |     5 ||   103
       Stone Arrow       |       |     1 |     2 ||     3
  Use: Potion            |       |       |     1 ||     1
 Stab: Sleeping          |       |     1 |       ||     1
Armor: Robe              |     2 |     4 |    10 ||    16
Dodge: Dodged            |    14 |    21 |    24 ||    59

Levels and vault maps discovered:
D:1:      dpeg_arrival_long_road, layout_basic,
          shapermc_ecumenical_altar_notcrosses
D:2:      layout_loops_ring, grunt_ministairs_14, uniq_sigmund
D:3:      layout_loops_ring
D:4:      layout_cave_pods, minmay_temple_entry_steel_oval
D:5:      layout_gridville, uniq_grinder
D:6:      layout_layer_cave, uniq_maggie, uniq_crazy_yiuf_cottage

Notes
Turn   | Place    | Note
-------+----------+-------------------------------------------
     0 | D:1      | sanka the Gnoll Earth Elementalist began the quest for the
                  | Orb.
     0 | D:1      | Reached XP level 1. HP: 13/13 MP: 6/6
    66 | D:1      | Reached skill level 2 in Transmutations
    70 | D:1      | Reached XP level 2. HP: 19/19 MP: 3/7
   465 | D:1      | Reached skill level 5 in Spellcasting
   465 | D:1      | Reached XP level 3. HP: 25/25 MP: 5/9
   684 | D:1      | Found a faded altar of an unknown god.
   922 | D:1      | Reached skill level 1 in Invocations
  1075 | D:2      | Reached skill level 1 in Fighting
  1075 | D:2      | Reached skill level 1 in Short Blades
  1075 | D:2      | Reached skill level 1 in Long Blades
  1075 | D:2      | Reached skill level 1 in Axes
  1075 | D:2      | Reached skill level 1 in Maces & Flails
  1075 | D:2      | Reached skill level 1 in Polearms
  1075 | D:2      | Reached skill level 1 in Staves
  1075 | D:2      | Reached skill level 1 in Ranged Weapons
  1075 | D:2      | Reached skill level 1 in Throwing
  1075 | D:2      | Reached skill level 1 in Armour
  1075 | D:2      | Reached skill level 1 in Shields
  1075 | D:2      | Reached skill level 1 in Unarmed Combat
  1075 | D:2      | Reached skill level 1 in Evocations
  1078 | D:2      | Reached XP level 4. HP: 32/32 MP: 7/11
  1125 | D:2      | Learned a level 2 spell: Passwall
  1129 | D:2      | Learned a level 3 spell: Stone Arrow
  1243 | D:2      | Reached skill level 1 in Conjurations
  1243 | D:2      | Reached skill level 1 in Hexes
  1243 | D:2      | Reached skill level 1 in Summonings
  1243 | D:2      | Reached skill level 1 in Necromancy
  1243 | D:2      | Reached skill level 1 in Translocations
  1243 | D:2      | Reached skill level 1 in Fire Magic
  1243 | D:2      | Reached skill level 1 in Ice Magic
  1243 | D:2      | Reached skill level 1 in Air Magic
  1243 | D:2      | Reached skill level 1 in Poison Magic
  1397 | D:2      | Noticed Sigmund
  1408 | D:2      | Killed Sigmund
  1409 | D:2      | Reached skill level 2 in Invocations
  1409 | D:2      | Reached XP level 5. HP: 36/38 MP: 5/12
  1409 | D:2      | Reached XP level 6. HP: 42/44 MP: 5/14
  1832 | D:3      | Reached skill level 5 in Dodging
  2121 | D:3      | Reached skill level 2 in Fighting
  2121 | D:3      | Reached skill level 2 in Short Blades
  2121 | D:3      | Reached skill level 2 in Long Blades
  2121 | D:3      | Reached skill level 2 in Axes
  2121 | D:3      | Reached skill level 2 in Maces & Flails
  2121 | D:3      | Reached skill level 2 in Polearms
  2121 | D:3      | Reached skill level 2 in Staves
  2121 | D:3      | Reached skill level 2 in Ranged Weapons
  2121 | D:3      | Reached skill level 2 in Throwing
  2121 | D:3      | Reached skill level 2 in Armour
  2121 | D:3      | Reached skill level 2 in Shields
  2121 | D:3      | Reached skill level 2 in Unarmed Combat
  2121 | D:3      | Reached skill level 2 in Evocations
  2701 | D:5      | Entered Level 5 of the Dungeon
  2710 | D:5      | Reached XP level 7. HP: 33/51 MP: 7/15
  2790 | D:5      | Reached skill level 2 in Conjurations
  2790 | D:5      | Reached skill level 2 in Hexes
  2790 | D:5      | Reached skill level 2 in Summonings
  2790 | D:5      | Reached skill level 2 in Necromancy
  2790 | D:5      | Reached skill level 2 in Translocations
  2790 | D:5      | Reached skill level 3 in Transmutations
  2790 | D:5      | Reached skill level 2 in Fire Magic
  2790 | D:5      | Reached skill level 2 in Ice Magic
  2790 | D:5      | Reached skill level 2 in Air Magic
  2790 | D:5      | Reached skill level 2 in Poison Magic
  3045 | D:5      | Noticed Grinder
  3046 | D:5      | Paralysed by Grinder for 5 turns
  3051 | D:5      | HP: 5/51 [ufetubus (4)]
  3056 | D:5      | HP: 5/51 [centaur (4)]
  3056 | D:5      | HP: 2/51 [centaur (2)]
  3056 | D:5      | Slain by an ufetubus

Vanquished Creatures
  Sigmund (D:2)
  A sky beast (D:5)
  An ogre (D:4)
  A phantom (D:5)
  An iguana (D:5)
  4 adders
  3 gnolls (D:2)
  A worm (D:3)
  A dart slug (D:3)
  An orc (D:3)
  5 endoplasms
  4 giant cockroaches
  4 goblins
  9 hobgoblins
  2 jackals (D:2)
  4 kobolds
  5 quokkas
  9 ball pythons
  4 bats (D:1)
  A frilled lizard (D:2)
  9 rats
71 creatures vanquished.
